AoeStats
← Dobby

African Clearing

510728693Analyzed
2v2 RM · 1d ago on Oct 2, 2026· 32m 31s· 4 players
Game mode
Random Map
Map size
Medium (4 player)
Population
200
Speed
Normal
Resources
Standard
Victory
Conquest
Starting age
Dark Age
Ending age
Imperial Age
RankedLock teamsTeams togetherTeam positionsShared explorationLock speedFull tech treeHidden civsTurbo modeCheats
Victory
Defeat
🇮🇳 Byzantines · India
1375
+15
🇮🇳 Magyars · India
1337
+16
🇷🇺 Varangians · Russia
1366
-16
🇳🇱 Khitans · Netherlands
1343
-15
Dangerbaas
3:32 Loom
14:47 Feudal Age
25:36 Castle Age
25:50 Pikeman
27:59 Double-Bit Axe
28:23 Scale Mail Armor
GELO163Rus
6:06 Loom
12:46 Feudal Age
13:38 Double-Bit Axe
14:43 Bloodlines
16:11 Forging
18:53 Scale Barding Armor
24:57 Castle Age
24:25 Scale Mail Armor
27:13 Iron Casting
26:58 Chain Barding Armor
29:26 Wheelbarrow
Comrades of Kankidiot
9:47 Loom
12:29 Feudal Age
13:02 Town Watch
22:58 Castle Age
21:07 Double-Bit Axe
22:36 Horse Collar
23:12 Bloodlines
23:49 Scale Barding Armor
Dobby
7:25 Loom
13:23 Feudal Age
17:36 Castle Age
16:07 Double-Bit Axe
16:09 Horse Collar
17:25 Scale Barding Armor
18:31 Bow Saw
18:26 Husbandry
21:53 Forging
25:10 Scale Barding Armor
Connection lost

Rejoining the realm…

Still unreachable

The connection could not be restored.

Session expired

The server has moved on; the page needs a fresh start.